 Dungeon Crawl Stone Soup version 0.31-a0-986-g5e6e4ef867 (webtiles) character file.

Game seed: 8124521153472879042

384 mattiecakes the Covered (level 6, -6/40 HPs)
             Began as a Gargoyle Fighter on Nov 14, 2023.
             Killed by divine providence
             ... invoked by an orc priest
              (12 damage)
             ... on level 4 of the Dungeon.
             The game lasted 00:06:04 (3540 turns).

mattiecakes the Covered (Gargoyle Fighter)          Turns: 3540, Time: 00:06:05

Health: -6/40      AC: 12    Str: 22    XL:     6   Next: 77%
Magic:  6/6        EV:  8    Int:  8    God:
Gold:   275        SH: 10    Dex:  9    Spells: 5/5 levels left

rFire   . . .        a - +0 war axe
rCold   . . .        i - +2 kite shield
rNeg    + . .        b - +0 scale mail
rPois   ∞            (no helmet)
rElec   +            (no cloak)
rCorr   .            (no gloves)
SInv    .            p - +0 pair of boots
Will    .....        (no amulet) Stlth
                     (no ring)
HPRegen 0.26/turn    (no ring)
MPRegen 0.10/turn

%: no passive effects
@: mighty
A: sickness immunity, AC +4, negative energy resistance 1, electricity
resistance, torment resistance 1, petrification resistance
a: no special abilities


You were on level 4 of the Dungeon.
You visited 1 branch of the dungeon, and saw 4 of its levels.

You collected 275 gold pieces.

Inventory:

Hand Weapons
 a - a +0 war axe (weapon)
Armour
 b - a +0 scale mail (worn)
 i - a +2 kite shield (worn)
 p - a +0 pair of boots (worn)
Jewellery
 e - a ring of ice
Scrolls
 g - a scroll of revelation
 h - a scroll of immolation
 l - 2 scrolls of poison
 n - a scroll of fog {unknown}
 q - a scroll of teleportation {unknown}
 s - a scroll of amnesia {unknown}
Potions
 c - a potion of lignification {unknown}
 f - a potion of resistance
 o - a potion of attraction
 r - 2 potions of mutation


   Skills:
 + Level 4.9 Fighting
 + Level 3.4 Axes
 + Level 5.0 Armour
 + Level 4.9 Shields


You had 5 spell levels left.
You didn't know any spells.
Your spell library contained the following spells:

 Spells                   Type           Power      Damage    Failure   Level
 Inner Flame              Hex/Fire       0%         N/A       100%        3
 Dispel Undead            Necr           0%         3d6       100%        4
 Yara's Violent Unravell  Hex/Tmut       0%         3d3       100%        5
 Death Channel            Necr           0%         N/A       100%        6
 Enfeeble                 Hex            0%         N/A       100%        7
 Cigotuvi's Dreadful Rot  Necr/Pois/Air  Unusable   N/A       N/A         2

Dungeon Overview and Level Annotations

Branches:
Dungeon (4/15)
 Temple: D:4-7

Altars:

Shops:
D:2 *


Innate Abilities, Weirdness & Mutations

You are immune to sickness and miasma.
Your stone body is resilient. (AC +4)
You are immune to poison.
You resist negative energy. (rN+)
You are resistant to electric shocks. (rElec)
You are resistant to unholy torment.
You are immune to petrification.


Message History

The orc priest hits you with a +2 flail of protection.
You slash the orc priest!
The orc priest is heavily wounded.
You closely miss the orc priest.
The orc priest mumbles some strange prayers to Beogh against you.
Pain shoots through your body!
The orc priest looks braver for a moment.
You hit the orc priest.
The orc priest is almost dead.
You hit the orc priest. The orc priest closely misses you.
The orc priest mumbles some strange prayers to Beogh against you.
Beogh smites you!
* * * LOW HITPOINT WARNING * * *
Unknown command.
You are too injured to fight recklessly!
You are too injured to fight recklessly!
You are too injured to fight recklessly!
Unknown command.
You hit the orc priest but do no damage.
The orc priest is almost dead.
You hit the orc priest.
The orc priest hits you but does no damage. x3
You block the orc priest's attack.
You completely miss the orc priest.
The orc priest is almost dead.
You hit the orc priest but do no damage.
You block the orc priest's attack.
The orc priest hits you but does no damage.
You closely miss the orc priest.
The orc priest is almost dead.
You barely miss the orc priest. The orc priest barely misses you.
The orc priest hits you with a +0 dagger.
* * * LOW HITPOINT WARNING * * *
The orc priest hits you but does no damage.
The orc priest looks satisfied for a moment.
Unknown command.
You feel very mighty all of a sudden.
The orc priest invokes the aid of Beogh against you.
Beogh smites you!
You die...

######## #......# ###
#......# #>.
#.....)#####..#
###.....@o..##...
#.......o##.##.#.##
#........# #....#
#....##### #..#.##
#...)# ##.....#
#.[..##### #....#.##
####.....##.####.#..####
#........# #.#..)..##
#........# #.##......


You could see 2 orc priests.

Vanquished Creatures
  A black bear (D:4)
  An orc priest (D:4)
  Jessica (D:2)
  2 orc wizards
  2 adders (D:2)
  6 gnolls (D:4)
  A worm (D:2)
  3 dart slugs
  2 orcs (D:3)
  8 bats
  8 endoplasms
  6 giant cockroaches
  9 goblins
  8 hobgoblins
  A jackal (D:3)
  5 quokkas
  9 ball pythons
  5 frilled lizards
  15 kobolds
  7 rats
100 creatures vanquished.

Notes
Turn   | Place    | Note
-------+----------+-------------------------------------------
     0 | D:1      | mattiecakes the Gargoyle Fighter began the quest for the
                  | Orb.
     0 | D:1      | Reached XP level 1. HP: 14/14 MP: 1/1
   133 | D:1      | Reached XP level 2. HP: 19/19 MP: 2/2
   370 | D:1      | Reached XP level 3. HP: 24/24 MP: 3/3
   372 | D:1      | Found a faded altar of an unknown god.
  1098 | D:2      | Found Soch's General Store.
  1132 | D:2      | Reached XP level 4. HP: 29/29 MP: 4/4
  1234 | D:2      | Reached skill level 4 in Armour
  1520 | D:2      | Noticed Jessica
  1535 | D:2      | Killed Jessica
  1940 | D:3      | Reached XP level 5. HP: 33/33 MP: 5/5
  3020 | D:4      | Noticed a black bear
  3030 | D:4      | Killed a black bear
  3031 | D:4      | Reached XP level 6. HP: 36/39 MP: 6/6
  3533 | D:4      | Reached skill level 5 in Armour
  3540 | D:4      | Killed from afar by an orc priest

Illustrated notes

Levels and vault maps discovered:
D:1:      dpeg_arrival_arbitrary_b, layout_basic,
          hellmonk_ecumenical_altar_blasted, chequers_big_river
D:2:      minmay_inner_zag, layout_basic, serial_shops, nicolae_shop_tiny_glass,
          minmay_misc_feat_ornament, uniq_jessica
D:3:      minmay_bubble_buster, layout_basic, serial_aquarium,
          aquarium_bridge_straight [aquarium_subvault_bridge,
          aquarium_subvault_wall, aquarium_subvault_bridge,
          aquarium_subvault_balcony], aquarium_window_fake, aquarium_window_2,
          aquarium_view_2d, aquarium_view_2c, aquarium_pool_double, minivault_5,
          grunt_ministairs_1
D:4:      layout_basic, uniq_sigmund

Skill      XL: |  1  2  3  4  5  6 |
---------------+-------------------+-----
Axes           | 2 3 |  3.4
Armour         | 4 5 |  5.0
Fighting       | 4 |  4.9
Shields        | 4 |  4.9

Action                     |  1- 3 |  4- 6 || total
---------------------------+-------+-------++-------
  Melee: War axe           |    91 |   212 ||   303
    Use: Scroll            |     3 |     5 ||     8
         Potion            |       |     4 ||     4
 Armour: Scale mail        |    73 |   197 ||   270
  Dodge: Dodged            |    53 |   110 ||   163
  Block: Buckler           |    21 |    43 ||    64
         Kite shield       |       |    13 ||    13

Table legend: (Time is in decaauts)
 A = Elapsed time spent in this place.
 B = Non-inter-level travel time spent in this place.
 C = Inter-level travel time spent in this place.
 D = Time resting spent in this place.
 E = Time spent auto-exploring this place.
 F = Levels seen in this place.
 G = Mean time per level.
                   A        B        C        D        E       F      G
               +--------+--------+--------+--------+--------+-----+--------+
         Total |   3657 |   3526 |    131 |    292 |   2387 |   4 |  914.2 |
       Dungeon |   3657 |   3526 |    131 |    292 |   2387 |   4 |  914.2 |
               +--------+--------+--------+--------+--------+-----+--------+

Top non-repeatable levels by time:
     D:3: 1354 daAuts
     D:2: 1023 daAuts
     D:1: 863 daAuts
     D:4: 415 daAuts
